 Dungeon Crawl Stone Soup version 0.30-a0-919-g9323dee000 (webtiles) character file.

Game seed: 12565794405269917362

39 Conn the Firebug (level 3, 0/21 HPs)
             Began as an Octopode Fire Elementalist on Mar 21, 2023.
             Slain by a gnoll
             ... wielding a +0 spear
              (9 damage)
             ... on level 2 of the Dungeon.
             The game lasted 00:04:37 (1260 turns).

Conn the Firebug (Octopode Fire Elementalist)       Turns: 1260, Time: 00:04:38

Health: 0/21       AC:  1    Str:  6 (7)  XL:     3   Next: 47%
Magic:  0/6        EV: 12    Int: 16 (19) God:
Gold:   85         SH:  3    Dex: 10 (12) Spells: 3/6 levels left

rFire   . . .      SeeInvis .    f - +0 dagger
rCold   . . .      Faith    .    m - +0 buckler
rNeg    . . .      Spirit   .    (helmet restricted)
rPois   .          Reflect  .    (no amulet)
rElec   .          Rampage  .    (no ring)
rCorr   .                        (no ring)
Will    .....                    (no ring)
Stlth   +++                      (no ring)
HPRegen 0.23/turn                (no ring)
MPRegen 0.10/turn                (no ring)
                                 (no ring)
                                 (no ring)

@: no status effects
A: almost no armour, amphibious, 8 rings, camouflage 1, gelatinous body 1,
(nimble swimmer 1), tentacles
a: no special abilities


You were on level 2 of the Dungeon.
You visited 1 branch of the dungeon, and saw 3 of its levels.

You collected 85 gold pieces.

Inventory:

Hand Weapons
 f - a +0 dagger (weapon)
Armour
 m - a +0 buckler (worn)
Scrolls
 d - 2 scrolls of blinking {unknown}
 e - 2 scrolls of identify {unknown}
 g - a scroll of noise {unknown}
 j - a scroll of immolation {unknown}
 n - a scroll of enchant armour {unknown}
 o - a scroll of magic mapping {unknown}
Potions
 a - a potion of magic
 b - a potion of degeneration
 h - a potion of curing {unknown}
 i - a potion of might {unknown}
 k - a potion of berserk rage {unknown}
 l - a potion of brilliance {unknown}


   Skills:
 + Level 0.2 Short Blades
 + Level 2.2 Dodging
 - Level 3.0 Stealth
 * Level 0.7 Shields
 + Level 2.3 Spellcasting
 * Level 1.6 Conjurations
 + Level 3.4 Fire Magic


You had 3 spell levels left.
You knew the following spells:

 Your Spells              Type           Power      Damage    Failure   Level
a - Foxfire               Conj/Fire      40%        2x1d6     10%         1
b - Scorch                Fire           24%        2d6       11%         2

Your spell library contained the following spells:

 Spells                   Type           Power      Damage    Failure   Level
 Inner Flame              Hex/Fire       7%         N/A       38%         3
 Kindle Blastsparks       Fire/Tloc/Air  10%        2d10      45%         3
 Flame Wave               Conj/Fire      10%        2d6       67%         4


Dungeon Overview and Level Annotations

Branches:
Dungeon (3/15)

Altars:


Innate Abilities, Weirdness & Mutations

You cannot wear most types of armour.
You are amphibious.
You can wear up to eight rings at the same time.
Your skin changes colour to match your surroundings (Stealth+).
Your rubbery body absorbs attacks. (AC +1, EV +1)
((You are camouflaged when in or above water. (Stealth+)))
You have tentacles for arms and can constrict up to eight enemies at once.


Message History

The foxfire hits the gnoll.
The gnoll is almost dead.
The foxfire hits the gnoll but does no damage.
The gnoll is almost dead.
Found 7 gold pieces.
Casting: Foxfire (safe; 8% risk of failure)
Confirm with . or Enter, or press ? or * to list all spells.
You conjure some foxfire!
The gnoll hits you from afar with a +0 spear.
The foxfire hits the gnoll but does no damage.
The gnoll is almost dead.
The foxfire hits the gnoll but does no damage.
The gnoll is almost dead.
A kobold comes into view. It is wielding a +1 dagger of venom.
Casting: Foxfire (safe; 8% risk of failure)
Confirm with . or Enter, or press ? or * to list all spells.
You miscast Foxfire.
You are very lightly contaminated with residual magic.
Nothing appears to happen.
The gnoll hits you from afar with a +0 spear!
* * * LOW HITPOINT WARNING * * *
You aren't carrying any items that you can evoke.
Unknown command.
Unknown command.
It was a potion of degeneration.
There was something very wrong with that liquid.
You feel weakened.
You feel dopey.
You feel clumsy. The gnoll barely misses you.
It was a potion of heal wounds.
You feel much better. The gnoll closely misses you.
The gnoll hits you from afar with a +0 spear.
Your magical contamination has completely faded away.
The gnoll closely misses you.
You barely miss the gnoll. Your grab misses the gnoll.
The gnoll is almost dead.
The gnoll hits you with a +0 spear!
Casting: Foxfire (safe; 10% risk of failure)
Confirm with . or Enter, or press ? or * to list all spells.
You conjure some foxfire!
The gnoll hits you with a +0 spear!
You die...

#.# #.....##
.###..# #.#
###.....###......##
#.#
#.............###
#.#
...#........##.. #
.# #.....#### #
####.## ...
######.##### ..#
#v.........# .
#v@........#
#..g.......#
############


You could see a gnoll (ally target).

Vanquished Creatures
  2 gnolls (D:2)
  A worm (D:2)
  A bat (D:3)
  2 goblins (D:1)
  A hobgoblin (D:2)
  2 jackals (D:2)
  A kobold (D:2)
  3 quokkas
  A ball python (D:2)
  A frilled lizard (D:1)
  2 rats
17 creatures vanquished.

Vanquished Creatures (others)
  72 foxfires
72 creatures vanquished.

Grand Total: 89 creatures vanquished

Notes
Turn   | Place    | Note
-------+----------+-------------------------------------------
     0 | D:1      | Conn the Octopode Fire Elementalist began the quest for the
                  | Orb.
     0 | D:1      | Reached XP level 1. HP: 11/11 MP: 3/3
   421 | D:1      | You fall into a shaft and drop 1 floor!
   610 | D:1      | Found a faded altar of an unknown god.
   788 | D:2      | Reached XP level 2. HP: 8/17 MP: 0/5
   965 | D:1      | Learned a level 2 spell: Scorch
   990 | D:2      | Reached XP level 3. HP: 15/21 MP: 1/6
  1260 | D:2      | Slain by a gnoll

Illustrated notes

Levels and vault maps discovered:
D:1:      spicycebolla_arrival_transporter_tutorial, layout_loops_ring,
          hellmonk_ecumenical_altar_inner_sanctum
D:2:      layout_rooms
D:3:      layout_basic, lemuel_tele_altar, chequers_serial_rivers_micro_a,
          kennysheep_cluttered_room

Skill      XL: |  1  2 |
---------------+-------+-----
Stealth        | 3 |  3.0
Short Blades   | |  0.2
Dodging        | |  2.2
Shields        | |  0.7
Spellcasting   | |  2.3
Conjurations   | |  1.6
Fire Magic     | |  3.4

Action                     || total
---------------------------++-------
  Melee: Dagger            ||    11
         Constrict         ||     3
   Cast: Foxfire           ||    42
         Scorch            ||     1
    Use: Potion            ||     2
         Scroll            ||     1
 Armour: Skin              ||     2
  Dodge: Dodged            ||    12
  Block: Buckler           ||     1

Table legend: (Time is in decaauts)
 A = Elapsed time spent in this place.
 B = Non-inter-level travel time spent in this place.
 C = Inter-level travel time spent in this place.
 D = Time resting spent in this place.
 E = Time spent auto-exploring this place.
 F = Levels seen in this place.
 G = Mean time per level.
                   A        B        C        D        E       F      G
               +--------+--------+--------+--------+--------+-----+--------+
         Total |   1258 |   1238 |     20 |     50 |    804 |   3 |  419.3 |
       Dungeon |   1258 |   1238 |     20 |     50 |    804 |   3 |  419.3 |
               +--------+--------+--------+--------+--------+-----+--------+

Top non-repeatable levels by time:
     D:1: 704 daAuts
     D:2: 421 daAuts
     D:3: 132 daAuts
